 Dungeon Crawl Stone Soup version 0.29-a0-648-g6b26cc9f40 (webtiles) character file.

Game seed: 7931599582188900341

29 ZappyNine the Skirmisher (level 3, 0/30 HPs)
             Began as a Barachi Abyssal Knight on June 20, 2022.
             Was a Believer of Lugonu.
             Slain by a hobgoblin (5 damage)
             ... led by Robin
             ... on level 2 of the Dungeon.
             The game lasted 00:01:21 (1140 turns).

ZappyNine the Skirmisher (Barachi Abyssal Knight)   Turns: 1140, Time: 00:01:21

Health: 0/30       AC:  5    Str: 16    XL:     3   Next: 16%
Magic:  3/4        EV: 11    Int: 10    God:    Lugonu [**....]
Gold:   57         SH:  0    Dex: 12    Spells: 2/2 levels left

rFire   . . .      SeeInvis .   a - +1 falchion
rCold   . . .      Faith    .   (no shield)
rNeg    . . .      Spirit   .   b - +0 leather armour
rPois   .          Reflect  .   (no helmet)
rElec   .          Harm     .   (no cloak)
rCorr   .          Rampage  .   g - +1 pair of gloves
Will    .....                   (no boots)
Stlth   +.........              (no amulet)
HPRegen 0.10/turn               (no ring)
MPRegen 0.09/turn               (no ring)

@: invisible, slow
A: amphibious, slowness 1, strong legs 1, +LOS
a: Hop, Renounce Religion, Depart the Abyss, Bend Space


You were on level 2 of the Dungeon.
You worshipped Lugonu.
Lugonu was pleased with you.
You visited 1 branch of the dungeon, and saw 2 of its levels.
You visited the Abyss 1 time.

You collected 57 gold pieces.

Inventory:

Hand Weapons
 a - a +1 falchion (weapon)
Armour
 b - a +0 leather armour (worn)
 g - a +1 pair of gloves (worn)
Scrolls
 d - a scroll of teleportation {unknown}
 e - 2 scrolls of magic mapping {unknown}
 f - a scroll of amnesia {unknown}
 h - a scroll of identify {unknown}
 i - a scroll of acquirement {unknown}
Potions
 c - a potion of invisibility


   Skills:
 + Level 4.0 Fighting
 + Level 2.9 Long Blades
 + Level 2.9 Armour
 + Level 1.7 Dodging
 + Level 2.0 Invocations


You had 2 spell levels left.
You didn't know any spells.
Your spell library was empty.

Dungeon Overview and Level Annotations

Branches:
Dungeon (2/15)

Altars:

Annotations:
D:2 Robin


Innate Abilities, Weirdness & Mutations

You are amphibious.
You cover ground slowly.
You can hop short distances.
You have an extended range of vision and can be seen from far away.


Message History

The goblin hits you with a +0 club. The goblin closely misses you.
Things that are here:
a +0 dagger; a +0 dagger; a goblin corpse The hobgoblin closely misses you.
You closely miss the hobgoblin. The hobgoblin hits you.
* * * LOW HITPOINT WARNING * * *
Robin throws the goblin out of sight!
Unknown command.
You closely miss the hobgoblin.
The goblin no longer looks unusually strong.
The hobgoblin hits you but does no damage.
The goblin hits you but does no damage. The goblin closely misses you.
The goblin barely misses you. The hobgoblin barely misses you.
The goblin barely misses you. The goblin hits you with a +0 club.
* * * LOW HITPOINT WARNING * * *
Unknown command.
Space bends violently around you!
You blink.
The goblin hits you with a +0 club.
* * * LOW HITPOINT WARNING * * *
You barely miss the goblin. The goblin hits you but does no damage.
Unknown command.
You miss the goblin. The goblin hits you but does no damage.
Robin's bangles clink loudly.
Unknown command.
You miss the goblin. You slash the goblin!
You kill the goblin!
Lugonu accepts your kill.
Your Fighting skill increases to level 4!
Your Invocations skill increases to level 2!
You hit the hobgoblin.
The hobgoblin is almost dead.
The hobgoblin closely misses you.
Robin roars a battlecry!
The goblins go into a battle-frenzy!
The hobgoblin closely misses you.
You barely miss the hobgoblin.
The hobgoblin is almost dead.
The hobgoblin hits you.
You die...

.. #.# .. #..# #..
#..##### ##..# #.....
.....# #...# #....# ##..#
.# ....# #...# .# #. ...
###@#.## ..#
####..#)##gg)#..###.#
........g)g####.#...# ..
.........#g# ##...### ..#
.........#.###......#
##.#
######..##..........##...
#.. ####.........<. #..
#.........## ## ...
####...##†#..# #...


You could see Robin (can't see you), a hobgoblin (strong, can't see you) and 3
goblins.

Vanquished Creatures
  2 dart slugs (D:1)
  2 ball pythons (D:1)
  An endoplasm (D:1)
  A giant cockroach (D:2)
  6 goblins
  2 hobgoblins
  2 quokkas (D:2)
  5 kobolds (D:1)
  2 rats (D:1)
23 creatures vanquished.

Notes
Turn   | Place    | Note
-------+----------+-------------------------------------------
     0 | Abyss:1  | ZappyNine the Barachi Abyssal Knight began the quest for
                  | the Orb.
     0 | Abyss:1  | Reached XP level 1. HP: 18/18 MP: 2/2
    10 | Abyss:1  | Found a hazy altar of Hepliaklqana.
    30 | Abyss:1  | Noticed a large abomination
    36 | Abyss:1  | Noticed an Executioner
    40 | D:1      | Escaped the Abyss
   478 | D:1      | Reached XP level 2. HP: 22/25 MP: 3/3
   518 | D:1      | Reached ** piety under Lugonu
   529 | D:1      | Found a faded altar of an unknown god.
  1110 | D:2      | Noticed Robin
  1119 | D:2      | Reached XP level 3. HP: 20/30 MP: 4/4
  1139 | D:2      | Reached skill level 4 in Fighting
  1140 | D:2      | Slain by a hobgoblin

Illustrated notes

Levels and vault maps discovered:
D:1:      dpeg_arrival_concentric_ovals, layout_loops_corners,
          ebering_ecumenical_altar_petrified, minmay_octomino_e4
D:2:      layout_rooms, st_stairs_13, uniq_robin, uniq_terence

Skill      XL: |  1  2  3 |
---------------+----------+-----
Fighting       | 4 |  4.0
Invocations    | 2 |  2.0
Long Blades    | |  2.9
Armour         | |  2.9
Dodging        | |  1.7

Action                   || total
-------------------------++-------
Melee: Falchion          ||    66
Invok: Depart the Abyss  ||     1
       Bend Space        ||     1
 Abil: Hop               ||     1
  Use: Potion            ||     1
 Stab: Sleeping          ||     2
Armor: Leather armour    ||    35
Dodge: Dodged            ||    54

Table legend: (Time is in decaauts)
 A = Elapsed time spent in this place.
 B = Non-inter-level travel time spent in this place.
 C = Inter-level travel time spent in this place.
 D = Time resting spent in this place.
 E = Time spent auto-exploring this place.
 F = Levels seen in this place.
 G = Mean time per level.
                   A        B        C        D        E       F      G
               +--------+--------+--------+--------+--------+-----+--------+
         Total |   1327 |   1251 |     76 |     12 |   1024 |   3 |  442.3 |
       Dungeon |   1279 |   1203 |     76 |     12 |   1024 |   2 |  639.5 |
         Abyss |     47 |     47 |      0 |      0 |      0 |   1 |   47.0 |
               +--------+--------+--------+--------+--------+-----+--------+

Top non-repeatable levels by time:
     D:1: 1214 daAuts
     D:2: 64 daAuts
 Abyss:1: 47 daAuts
